 Dungeon Crawl Stone Soup version 0.21-a0-243-g597973d (webtiles) character file.

1028 tidbits the Skirmisher (level 7, -2/64 HPs)
             Began as a Demigod Wanderer on Sept 4, 2017.
             Slain by an orc warrior
             ... wielding a +0 halberd
              (5 damage)
             ... in a bailey.
             The game lasted 00:21:59 (2601 turns).

tidbits the Skirmisher (Demigod Wanderer)           Turns: 2601, Time: 00:21:59

Health: -2/64      AC: 16    Str: 29    XL:     7   Next: 72%
Magic:  12/12      EV: 11    Int: 16    God:
Gold:   127        SH:  0    Dex: 18    Spells: 9/9 levels left

rFire    . . .     SeeInvis .   M - +0 hand axe (drain)
rCold    . . .     Gourm    .   (no shield)
rNeg     . . .     Faith    .   B - +0 shadow dragon scales
rPois    .         Spirit   .   E - +0 helmet
rElec    .         Reflect  .   C - +1 cloak
rCorr    .         Harm     .   G - +0 pair of gloves
MR       .....                  (no boots)
Stlth    +++.......             R - amulet of regeneration
HPRegen  0.60/turn              Q - +3 ring of strength
MPRegen  0.13/turn              Z - +5 ring of strength

@: mighty
A: high mp 1
a: no special abilities


You were in a bailey.
You were not hungry.

You visited 1 branch of the dungeon, and saw 7 of its levels.
You also visited: Bailey.

You collected 315 gold pieces.
You spent 188 gold pieces at shops.

Inventory:

Hand Weapons
 a - a +1 dagger of speed
   (You took it off a goblin on level 1 of the Dungeon)
 b - a +2 blowgun
 i - a +0 shortbow
 j - a +0 flail of protection
   (You found it on level 6 of the Dungeon)
 m - a +0 hand axe
 r - a +0 hunting sling
 s - a +0 scythe
 M - a +0 hand axe of draining (weapon)
   (You found it on level 4 of the Dungeon)
Missiles
 c - 4 tomahawks (quivered)
 v - a curare-tipped needle
 x - 72 arrows
 y - 105 sling bullets
Armour
 B - +0 shadow dragon scales (worn)
 C - a +1 cloak (worn)
 E - a +0 helmet (worn)
 G - a +0 pair of gloves (worn)
 P - a scarf of cloud immunity
   (You found it on level 2 of the Dungeon)
Jewellery
 p - an uncursed ring of stealth
   (You found it on level 2 of the Dungeon)
 K - an uncursed ring of flight
   (You found it on level 4 of the Dungeon)
 Q - a +3 ring of strength (left hand)
   (You bought it in a shop on level 5 of the Dungeon)
 R - an amulet of regeneration (around neck)
   (You found it on level 1 of the Dungeon)
 Z - a +5 ring of strength (right hand)
   (You found it on level 6 of the Dungeon)
Wands
 l - a wand of paralysis (14/24)
 N - a wand of paralysis (4/24)
 V - a wand of confusion (20/48)
Scrolls
 e - 2 scrolls of immolation
 g - 3 scrolls of noise
 h - a scroll of blinking
 k - a scroll of identify
 n - 2 scrolls of remove curse
 t - a scroll of fear {unknown}
 z - 2 scrolls of recharging {unknown}
 A - 2 scrolls of enchant weapon {unknown}
 I - a scroll of teleportation {unknown}
 L - a scroll of fog {unknown}
 S - 3 scrolls of enchant armour {unknown}
 T - 3 scrolls of amnesia {unknown}
 X - a scroll of magic mapping {unknown}
Potions
 d - 2 potions of curing
 q - a potion of degeneration
 w - 3 potions of cancellation
 U - a potion of resistance {unknown}
 W - a potion of agility
Comestibles
 f - 4 bread rations
 u - 3 meat rations


   Skills:
 + Level 6.6 Fighting
   Level 1.0 Crossbows
 - Level 1.0 Throwing
 - Level 4.0 Armour
 + Level 4.1 Dodging
 - Level 1.0 Stealth
 - Level 1.7 Spellcasting
   Level 1.0 Poison Magic


You had 9 spell levels left.
You didn't know any spells.

Dungeon Overview and Level Annotations

Branches:
Dungeon (7/15)             Temple (0/1) D:6

Shops:
D:5 *


Innate Abilities, Weirdness & Mutations

You have an increased reservoir of magic. (+10% MP)


Message History

You open the door. 6 orcs and an orc warrior come into view.
The orc warrior shouts!
The orc shouts!
The orc moves out of view. x2
An orc and 3 orc warriors come into view.
An orc comes into view. It is wielding a spear.
The orc warrior shouts!
The orc shouts!
There is an open door here.
The orc shouts!
You feel very mighty all of a sudden. The orc closely misses you.
The orc warrior closely misses you. The orc warrior barely misses you.
The orc warrior closely misses you. The orc misses you.
You completely miss the orc warrior. You barely miss the orc.
The orc shouts!
The orc hits you but does no damage.
The orc warrior hits you but does no damage. x2
The orc misses you.
The orc warrior hits you from afar with a glaive!
The orc barely misses you.
The orc shouts! x2
You hit the orc warrior. You drain the orc warrior!
The orc warrior is moderately wounded.
You slash the orc!
You kill the orc!
The orc warrior closely misses you. The orc closely misses you.
The orc warrior misses you. The orc misses you.
The orc warrior closely misses you.
The orc warrior hits you from afar with a halberd.
The orc warrior hits you with a halberd.
The orc barely misses you. The orc misses you.
The orc hits you but does no damage.
Found a fizzy inky potion, a potion of might and a bubbling cyan potion.
You see here a halberd.
Unknown command.
You closely miss the orc warrior. x2
You hit the orc warrior but do no damage.
You closely miss the orc warrior. The orc warrior barely misses you.
The orc warrior hits you but does no damage.
The orc closely misses you. The orc warrior closely misses you.
The orc warrior hits you with a glaive!
* * * LOW HITPOINT WARNING * * *
The orc closely misses you.
The orc hits you from afar with a trident.
* * * LOW HITPOINT WARNING * * *
The orc closely misses you. x2
Unknown command.
You closely miss the orc warrior. You hit the orc warrior.
You drain the orc warrior!
Your shadow dragon scales prevents you from hitting the orc warrior.
You hit the orc warrior. You slash the orc!
You kill the orc!
The orc warrior hits you but does no damage.
The orc warrior closely misses you.
The orc warrior hits you but does no damage.
The orc warrior closely misses you. The orc barely misses you.
The orc misses you. The orc barely misses you. x2
The orc warrior hits you but does no damage.
You slash the orc warrior! You drain the orc warrior!
The orc warrior is severely wounded.
You slash the orc warrior! You drain the orc warrior!
You barely miss the orc warrior. You barely miss the orc.
You hit the orc warrior.
You feel a little less agile now.
The orc warrior hits you but does no damage.
The orc warrior closely misses you. The orc misses you.
The orc barely misses you. The orc warrior misses you.
The orc closely misses you. x2; The orc warrior closely misses you. x2
You barely miss the orc warrior.
The orc warrior is lightly wounded.
You slash the orc!
You kill the orc!
You hit the orc warrior.
Your shadow dragon scales prevents you from hitting the orc warrior.
You closely miss the orc warrior. The orc warrior hits you with a glaive!
* * * LOW HITPOINT WARNING * * *
The orc barely misses you. The orc closely misses you.
The orc hits you but does no damage. The orc warrior closely misses you.
The orc warrior barely misses you. x2; The orc closely misses you.
The orc misses you.
Unknown command.
You completely miss the orc warrior.
The orc warrior is severely wounded.
You slash the orc warrior!
You kill the orc warrior!
Your Dodging skill increases to level 4!
You hit the orc warrior. You drain the orc warrior! You slash the orc!
You kill the orc!
You closely miss the orc warrior. The orc hits you but does no damage.
The orc warrior hits you with a glaive!
* * * LOW HITPOINT WARNING * * *
The orc barely misses you. The orc warrior barely misses you.
The orc misses you. The orc barely misses you.
The orc hits you but does no damage.
The orc warrior hits you but does no damage.
You feel better. The orc misses you. The orc warrior hits you with a glaive!
* * * LOW HITPOINT WARNING * * *
The orc completely misses you. The orc hits you but does no damage.
The orc warrior hits you with a halberd.
You die...

####### ########
##.....## ##.......
..#...o...######...))...
!.'...oo..#....#...)))..
!.'...o@..'....'..)))...
!.'..oo)..#....#...))...
..#....o..######........
##.....## ##.......
####### ########


You could see 3 orc warriors and 4 orcs.

Vanquished Creatures
  Sigmund (D:2)
  An orc warrior (Bailey)
  A sky beast (D:7)
  An ogre (D:6)
  A centaur (D:6)
  2 bullfrogs
  A hound (D:7)
  An orc priest (D:7)
  An orc wizard (D:7)
  Jessica (D:2)
  Terence (D:2)
  3 worker ants
  A worker ant zombie (D:7)
  7 adders
  An ooze (D:3)
  An adder zombie (D:6)
  A worm (D:3)
  2 dart slugs
  4 leopard geckos
  22 orcs
  3 bats
  3 giant cockroaches
  8 goblins
  4 hobgoblins
  4 quokkas
  A ball python (D:2)
  3 frilled lizards
  5 kobolds
  3 rats
88 creatures vanquished.

Notes
Turn   | Place    | Note
-------+----------+-------------------------------------------
     0 | D:1      | tidbits the Demigod Wanderer began the quest for the Orb.
     0 | D:1      | tidbits set off with: a curare-tipped needle, a +2 blowgun, a +0 ring mail, a potion of curing, a bread ration
     0 | D:1      | Reached XP level 1. HP: 16/16 MP: 5/5
   195 | D:1      | Reached skill level 2 in Fighting
   196 | D:1      | Reached XP level 2. HP: 21/24 MP: 7/7
   396 | D:2      | Noticed Jessica
   397 | D:2      | Killed Jessica
   397 | D:2      | Reached skill level 3 in Fighting
   397 | D:2      | Reached XP level 3. HP: 31/31 MP: 8/8
   414 | D:2      | Noticed Sigmund
   451 | D:2      | Killed Sigmund
   451 | D:2      | Reached skill level 5 in Fighting
   451 | D:2      | Reached XP level 4. HP: 36/42 MP: 9/9
   451 | D:2      | Reached XP level 5. HP: 41/48 MP: 10/10
   736 | D:2      | Noticed Terence
   749 | D:2      | Killed Terence
   834 | D:2      | Reached skill level 1 in Dodging
  1382 | D:3      | Reached skill level 2 in Dodging
  1382 | D:3      | Reached XP level 6. HP: 48/56 MP: 11/11
  1436 | D:5      | Entered Level 5 of the Dungeon
  1443 | D:5      | Found a shadowy altar of Dithmenos.
  1614 | D:5      | Found a shattered altar of Ashenzari.
  1688 | D:5      | Reached skill level 3 in Armour
  1701 | D:5      | Found Poarch's Assorted Antiques.
  1709 | D:5      | Bought a golden ring for 95 gold pieces
  1709 | D:5      | Bought a scroll labeled URPHOU ERARCH for 19 gold pieces
  1709 | D:5      | Bought 3 scrolls labeled KAOTAAMAQIS for 57 gold pieces
  1709 | D:5      | Bought a fizzy inky potion for 17 gold pieces
  1823 | D:6      | Found a staircase to the Ecumenical Temple.
  1935 | D:6      | Reached skill level 4 in Armour
  2035 | D:6      | Reached XP level 7. HP: 40/62 MP: 12/12
  2046 | D:6      | Reached skill level 6 in Fighting
  2208 | D:7      | Reached skill level 3 in Dodging
  2304 | D:7      | Found a stormy altar of Qazlal.
  2481 | D:7      | Found a flagged portal.
  2531 | Bailey   | Entered a bailey
  2600 | Bailey   | Reached skill level 4 in Dodging
  2601 | Bailey   | HP: 3/64 [orc warrior/glaive (11)]
  2601 | Bailey   | Slain by an orc warrior

Vault maps used:
D:1:      kennysheep_arrival_forest, corexii_hall_statues_x
D:2:      first_bread, okawaru_altar_gauntlet_db, uniq_sigmund, uniq_terence,
          uniq_jessica
D:3:      nicolae_ru_path_of_blood
D:4:      nemelex_spade_bored_becter
D:5:      ashenzari_conservatory_becter, serial_shops,
          nicolae_shop_overgrown_old_shop, kennysheep_mini,
          grunt_dithmenos_smoke_and_mirrors
D:6:      lemuel_coloured_pillars_altar, minmay_temple_entry_glassed_door
D:7:      grunt_qazlal_sundering, enter_bailey_1
Bailey:   bailey_polearm_5, bailey

Skill      XL: |  1  2  3  4  5  6  7 |
---------------+----------------------+-----
Fighting       | 2 3 5 6 |  6.6
Dodging        | 2 4 |  4.1
Armour         | 4 |  4.0
Crossbows      | |  1.0
Throwing       | |  1.0
Stealth        | |  1.0
Spellcasting   | |  1.7
Poison Magic   | |  1.0

Action                   |  1- 3 |  4- 6 |  7- 9 || total
-------------------------+-------+-------+-------++-------
Melee: Dagger            |    77 |   239 |   129 ||   445
       Unarmed           |     9 |       |       ||     9
       Hand axe          |       |       |    22 ||    22
 Fire: Blowgun           |     4 |     1 |       ||     5
Throw: Tomahawk          |     2 |     4 |     1 ||     7
Evoke: Wand              |       |     5 |     3 ||     8
  Use: Potion            |     1 |     2 |     3 ||     6
       Scroll            |       |     9 |     3 ||    12
 Stab: Sleeping          |       |     6 |     2 ||     8
       Paralysed         |       |     3 |     4 ||     7
       Confused          |       |       |     1 ||     1
  Eat: Chunk             |       |     4 |     2 ||     6
Armor: Ring mail         |    37 |    31 |       ||    68
       Skin              |     4 |       |       ||     4
       Shadow dragon sca |       |    56 |    91 ||   147
Dodge: Dodged            |    29 |    76 |   150 ||   255

Table legend:
 A = Spawn XP
 B = Non-spawn XP
 C = Spawn XP percentage of total XP
 D = Spawn monster count
 E = Non-spawn monster count
 F = Spawn count percentage of total count
 G = Total turns spent on level
                    A         B        C        D         E        F      G
               +---------+---------+-------+---------+---------+-------+---------
         Total |       5 |    1464 |   0.3 |       3 |      85 |   3.4 |  2601
               +---------+---------+-------+---------+---------+-------+---------
           D:1 |       0 |      30 |   0.0 |       0 |      16 |   0.0 |   505
           D:2 |       2 |     368 |   0.5 |       1 |      15 |   6.2 |   598
           D:3 |       1 |     122 |   0.8 |       1 |      13 |   7.1 |   291
           D:4 |       0 |      34 |   0.0 |       0 |       2 |   0.0 |   151
           D:5 |       0 |      36 |   0.0 |       0 |       2 |   0.0 |   190
           D:6 |       0 |     399 |   0.0 |       0 |      10 |   0.0 |   384
           D:7 |       2 |     297 |   0.7 |       1 |      10 |   9.1 |   412
        Bailey |       0 |     178 |   0.0 |       0 |      17 |   0.0 |    70
               +---------+---------+-------+---------+---------+-------+---------

Table legend:
 A = Turns spent in this place as a percentage of turns spent in the entire game.
 B = Non-inter-level travel turns spent in this place as a percentage of non-inter-level travel turns spent in the entire game.
 C = Inter-level travel turns spent in this place as a percentage of turns spent in this place.
 D = Turns resting spent in this place as a percentage of non-inter-level travel turns spent in this place.
 E = Turns spent auto-exploring this place as a percentage of non-inter-level travel turns spent in this place.
 F = Non-inter-level travel turns spent in this place divided by the number of levels of this place that you've seen.
                   A       B       C       D       E      F
               +-------+-------+-------+-------+-------+----------------------
         Total | 100.0 | 100.0 |   3.3 |   0.0 |   0.0 | 314.4
       Dungeon |  97.3 |  97.2 |   3.4 |   0.0 |   0.0 | 349.3
        Bailey |   2.7 |   2.8 |   0.0 |   0.0 |   0.0 |  70.0
               +-------+-------+-------+-------+-------+----------------------

Table legend:
 A = Kills in this place as a percentage of kills in entire the game.
 B = Kills by you in this place as a percentage of kills by you in the entire game.
 C = Kills by friends in this place as a percentage of kills by friends in the entire game.
 D = Other kills in this place as a percentage of other kills in the entire game.
 E = Experience gained in this place as a percentage of experience gained in the entire game.
 F = Experience gained in this place divided by the number of levels of this place that you have seen.
                   A       B       C       D       E      F
               +-------+-------+-------+-------+-------+----------------------
         Total | 100.0 | 100.0 |   N/A |   N/A | 100.0 | 183.6
       Dungeon |  80.7 |  80.7 |   N/A |   N/A |  87.9 | 184.4
        Bailey |  19.3 |  19.3 |   N/A |   N/A |  12.1 | 178.0
               +-------+-------+-------+-------+-------+----------------------

Vault maps used:
D:1:      kennysheep_arrival_forest, corexii_hall_statues_x
D:2:      first_bread, okawaru_altar_gauntlet_db, uniq_sigmund, uniq_terence,
          uniq_jessica
D:3:      nicolae_ru_path_of_blood
D:4:      nemelex_spade_bored_becter
D:5:      ashenzari_conservatory_becter, serial_shops,
          nicolae_shop_overgrown_old_shop, kennysheep_mini,
          grunt_dithmenos_smoke_and_mirrors
D:6:      lemuel_coloured_pillars_altar, minmay_temple_entry_glassed_door
D:7:      grunt_qazlal_sundering, enter_bailey_1
Bailey:   bailey_polearm_5, bailey
